 Dungeon Crawl Stone Soup version 0.31-a0-38-g1548c4f2a5 (webtiles) character file.

Game seed: 4205888717260817612

40 hwolsky the Firebug (level 3, 19/19 HPs) *EXPLORE*
             Began as a Gargoyle Fire Elementalist on May 16, 2023.
             Quit the game on level 2 of the Dungeon.
             The game lasted 00:05:51 (1236 turns).

hwolsky the Firebug (Gargoyle Fire Elementalist)    Turns: 1236, Time: 00:05:52

Health: 19/19      AC:  5    Str: 11    XL:     3   Next: 50%
Magic:  2/6        EV: 12    Int: 17    God:
Gold:   99         SH:  0    Dex: 10    Spells: 3/6 levels left

rFire   . . .        s - +0 dagger
rCold   . . .        (no shield)
rNeg    + . .        a - +0 robe
rPois   ∞            (no helmet)
rElec   +            (no cloak)
rCorr   .            (no gloves)
SInv    .            (no boots)
Will    .....        (no amulet)
Stlth   ++           (no ring)
HPRegen 0.23/turn    (no ring)
MPRegen 0.10/turn

%: no passive effects
@: no status effects
A: sickness immunity, AC +3, negative energy resistance 1, electricity
resistance, torment resistance 1, petrification resistance
a: no special abilities


You were on level 2 of the Dungeon.
You visited 1 branch of the dungeon, and saw 2 of its levels.

You collected 99 gold pieces.

Inventory:

Hand Weapons
 s - a +0 dagger (weapon)
Armour
 a - a +0 robe (worn)
Scrolls
 d - 4 scrolls of identify {unknown}
 f - 2 scrolls of teleportation {unknown}
 g - a scroll of amnesia {unknown}
 h - 2 scrolls of magic mapping {unknown}
Potions
 b - a potion of magic
 c - a potion of haste {unknown}
 e - a potion of cancellation {unknown}
 i - a potion of degeneration {unknown}
 j - a potion of heal wounds {unknown}


   Skills:
 + Level 2.0 Dodging
 + Level 2.7 Stealth
 - Level 2.0 Spellcasting
 + Level 1.9 Conjurations
 * Level 3.6 Fire Magic


You had 3 spell levels left.
You knew the following spells:

 Your Spells              Type           Power      Damage    Failure   Level
a - Foxfire               Conj/Fire      44%        2x1d6     6%          1
b - Scorch                Fire           28%        2d6       7%          2

Your spell library contained the following spells:

 Spells                   Type           Power      Damage    Failure   Level
 Inner Flame              Hex/Fire       7%         N/A       28%         3
 Volatile Blastmotes      Fire/Tloc      14%        2d11      28%         3
 Flame Wave               Conj/Fire      11%        2d6       52%         4
 Leda's Liquefaction      Hex/Erth       0%         N/A       88%         4
 Lee's Rapid Deconstruct  Erth           0%         3d4*      99%         5
 Statue Form              Tmut/Erth      Unusable   N/A       N/A         6

Dungeon Overview and Level Annotations

Branches:
Dungeon (2/15) Zot: 10761

Altars:
Yredelemnul

Shops:
D:1 *


Innate Abilities, Weirdness & Mutations

You are immune to sickness and miasma.
Your stone body is resilient. (AC +3)
You are immune to poison.
You resist negative energy. (rN+)
You are resistant to electric shocks. (rElec)
You are resistant to unholy torment.
You are immune to petrification.


Message History

The hobgoblin barely misses you.
You barely miss the hobgoblin.
The hobgoblin is almost dead.
The hobgoblin hits you.
* * * LOW HITPOINT WARNING * * *
The adder attacks as you move away! The adder barely misses you.
The adder attacks as you move away! The adder bites you.
* * * LOW HITPOINT WARNING * * *
Found 9 gold pieces.
The adder barely misses you. The adder attacks as you move away!
The adder closely misses you.
You see here a book of Decay.
You barely miss the adder. You punch the adder.
The adder is lightly wounded.
The adder closely misses you. The adder misses you.
You barely miss the adder.
The adder is lightly wounded.
The adder misses you.
You barely miss the adder.
The adder is lightly wounded.
The adder barely misses you.
You miss the adder.
The adder is lightly wounded.
The adder barely misses you. The adder bites you.
* * * LOW HITPOINT WARNING * * *
Casting: Scorch (safe; 7% risk of failure)
Confirm with . or Enter, or press ? or * to list all spells.
Flames lash the adder.
The adder is heavily wounded.
The adder's fire resistance burns away.
* * * LOW MAGIC WARNING * * *
The adder closely misses you. The adder barely misses you.
You closely miss the adder.
The adder is heavily wounded.
The adder closely misses you. The adder bites you but does no damage.
You hit the adder.
The adder is severely wounded.
The adder bites you but does no damage.
You barely miss the adder.
The adder is severely wounded.
The adder is no longer more vulnerable to fire.
The adder bites you but does no damage.
A hobgoblin comes into view.
The hobgoblin shouts!
You hit the adder but do no damage.
The adder is severely wounded.
The adder closely misses you.
You barely miss the adder.
The adder is severely wounded.
The adder completely misses you. The adder barely misses you.
You miss the adder.
The adder is severely wounded.
The adder barely misses you.
You completely miss the adder.
The adder is severely wounded.
The adder closely misses you. The worm closely misses you.
Unknown command.
You miss the adder.
The adder is severely wounded.
The adder misses you. The adder closely misses you. The worm misses you.
You hit the adder but do no damage.
The adder is severely wounded.
The adder bites you but does no damage.
Unknown command.
You hit the adder.
The adder is almost dead.
The adder barely misses you. The worm bites you.
* * * LOW HITPOINT WARNING * * *
The hobgoblin hits you.
* * * LOW HITPOINT WARNING * * *
You barely miss the adder.
The adder is almost dead.
The adder bites you but does no damage. The adder closely misses you.
The hobgoblin closely misses you.
Unknown command.
You hit the adder.
You kill the adder!
The worm bites you.
* * * LOW HITPOINT WARNING * * *
The hobgoblin misses you.
Your Dodging skill increases to level 2!
Unknown command.
You hit the hobgoblin but do no damage.
The hobgoblin is almost dead.
The worm bites you but does no damage. The hobgoblin closely misses you.
The hobgoblin hits you.
* * * LOW HITPOINT WARNING * * *
You hit the hobgoblin but do no damage.
The hobgoblin is almost dead.
The hobgoblin barely misses you. The hobgoblin hits you.
* * * LOW HITPOINT WARNING * * *
You barely miss the hobgoblin.
The hobgoblin is almost dead.
The worm bites you.
Die? [Y]es or [N]o only, please.
Die?
Thought so.
The hobgoblin barely misses you. The hobgoblin misses you.
Unknown command.
Are you sure you want to abandon this character and quit the game? (Confirm with "yes".)

.......# . #..#.... .##
### ....... ..## ...
...(.# #..## .. .....#
#... .. .....# ###.###
###. .....###.....###..
.........#.#.#.#g##
...........#...w@:#
...........###.#g###
............#$..g..#
#..........###.#.#.#
##.......wg#...###...
#..........#.###.###..
.....................##
.#.................# #
........##.........#


You could see a worm, 2 hobgoblins and a goblin.

Vanquished Creatures
  An adder (D:2)
  A worm (D:2)
  A dart slug (D:1)
  3 ball pythons
  4 endoplasms
  3 goblins
  A hobgoblin (D:1)
  3 jackals (D:2)
  A quokka (D:2)
  A frilled lizard (D:1)
  2 kobolds (D:1)
  4 rats
25 creatures vanquished.

Vanquished Creatures (others)
  46 foxfires
46 creatures vanquished.

Grand Total: 71 creatures vanquished

Notes
Turn   | Place    | Note
-------+----------+-------------------------------------------
     0 | D:1      | hwolsky the Gargoyle Fire Elementalist began the quest for
                  | the Orb.
     0 | D:1      | Reached XP level 1. HP: 10/10 MP: 3/3
   172 | D:1      | Reached XP level 2. HP: 15/15 MP: 0/5
   422 | D:1      | Found a faded altar of an unknown god.
   496 | D:1      | Found Koijomel's General Store.
   700 | D:1      | Learned a level 2 spell: Scorch
   800 | D:2      | Found a basalt altar of Yredelemnul.
  1000 | D:2      | Reached XP level 3. HP: 10/19 MP: 1/6
  1000 | D:2      | Entered explore mode.
  1018 | D:2      | Slain by a worm (4 damage)
  1235 | D:2      | Slain by a worm (2 damage)
  1236 | D:2      | Quit the game

Illustrated notes

Levels and vault maps discovered:
D:1:      psy_arrival_whirlpool, layout_basic, shapermc_ecumenical_altar_venn,
          serial_shops, shop
D:2:      layout_rooms, basic_altar, serial_glass, glass_columns_a,
          glass_columns_a, item_on_display_a, minmay_strange_pillars,
          item_on_display_a, feat_on_display, roderic_lattice_a,
          minmay_indecisive_spiral

Skill      XL: |  1  2  3 |
---------------+----------+-----
Dodging        | 2 |  2.0
Stealth        | |  2.7
Spellcasting   | |  2.0
Conjurations   | |  1.9
Fire Magic     | |  3.6

Action                     || total
---------------------------++-------
  Melee: Unarmed           ||     5
         Dagger            ||    76
         Punch             ||     1
   Cast: Foxfire           ||    31
         Scorch            ||     5
    Use: Potion            ||     1
 Armour: Robe              ||    27
  Dodge: Dodged            ||    60

Table legend: (Time is in decaauts)
 A = Elapsed time spent in this place.
 B = Non-inter-level travel time spent in this place.
 C = Inter-level travel time spent in this place.
 D = Time resting spent in this place.
 E = Time spent auto-exploring this place.
 F = Levels seen in this place.
 G = Mean time per level.
                   A        B        C        D        E       F      G
               +--------+--------+--------+--------+--------+-----+--------+
         Total |   1238 |   1235 |      3 |      0 |    914 |   2 |  619.0 |
       Dungeon |   1238 |   1235 |      3 |      0 |    914 |   2 |  619.0 |
               +--------+--------+--------+--------+--------+-----+--------+

Top non-repeatable levels by time:
     D:1: 705 daAuts
     D:2: 532 daAuts
